 Dungeon Crawl Stone Soup version 0.30.0-3-ga4e48a9924 (webtiles) character file.

Game seed: 3395627874857620093

40 RascalDebosk the Magician (level 3, 0/29 HPs)
             Began as a Djinni Warper on May 7, 2023.
             Slain by Ijyb
             ... wielding a +0 club
              (2 damage)
             ... on level 3 of the Dungeon.
             The game lasted 00:12:03 (1928 turns).

RascalDebosk the Magician (Djinni Warper)           Turns: 1928, Time: 00:12:04

Health: 0/29       AC:  4    Str: 10    XL:     3   Next: 72%
Gold:   179        EV: 11    Int: 16    God:
                   SH:  0    Dex: 12

rFire   + + .        a - +0 falchion
rCold   x . .        (no shield)
rNeg    . . .        b - +0 leather armour
rPois   ∞            (no helmet)
rElec   .            f - +0 cloak
rCorr   .            (no gloves)
SInv    .            (boots unavailable)
Will    .....        (no amulet)
Stlth   +            (no ring)
HPRegen 0.24/turn    (no ring)
MPRegen 0.00/turn

%: infuse magic (-1 HP)
@: confused, flying
A: sickness immunity, fire resistance 2, cold vulnerability 1, float, innate
caster, HP casting, extra vitality 1
a: no special abilities


You were on level 3 of the Dungeon.
You visited 1 branch of the dungeon, and saw 3 of its levels.

You collected 179 gold pieces.

Inventory:

Hand Weapons
 a - a +0 falchion (weapon)
Missiles
 d - 7 boomerangs of dispersal (quivered)
Armour
 b - a +0 leather armour (worn)
 f - a +0 cloak (worn)
 l - a +0 kite shield
Scrolls
 c - 2 scrolls of noise {unknown}
 e - 2 scrolls of fog {unknown}
 g - 2 scrolls of blinking
 h - 2 scrolls of identify {unknown}
 i - a scroll of silence {unknown}
 k - 2 scrolls of enchant armour {unknown}
 n - 3 scrolls of poison {unknown}
 o - a scroll of enchant weapon {unknown}
Potions
 j - a potion of lignification {unknown}
 m - a potion of degeneration {unknown}
 p - a potion of flight {unknown}


   Skills:
 * Level 2.6 Fighting
 + Level 2.0 Long Blades
 - Level 0.7 Throwing
 + Level 1.5 Armour
 - Level 2.1 Dodging
 + Level 0.5 Shields
 * Level 2.7 Spellcasting


You knew the following spells:

 Your Spells              Type           Power      Damage    Failure   Level
a - Blink                 Tloc           22%        N/A       12%         2
b - Lesser Beckoning      Tloc           22%        N/A       12%         2
c - Vhi's Electric Charg  Tloc/Air       22%        N/A       24%         3
d - Teleport Other        Tloc           11%        N/A       24%         3
e - Manifold Assault      Tloc           11%        N/A       63%         4
f - Freeze                Ice            44%        1d6       9%          1
Your spell library was empty.

Dungeon Overview and Level Annotations

Branches:
Dungeon (3/15)

Altars:

Annotations:
D:2 1 runed translucent door, Crazy Yiuf
D:3 Ijyb


Innate Abilities, Weirdness & Mutations

You are immune to sickness and miasma.
You are immune to poison.
Your flesh is very heat resistant. (rF++)
You are vulnerable to cold. (rC-)
You float through the air rather than walking.
You learn spells naturally, not from books.
Your magical power is your life essence.
You have superior vitality. (+4 MHP)


Message History

The worm barely misses you.
You hit the worm.
The worm is moderately wounded.
You hit the worm but do no damage.
The worm is moderately wounded.
The worm barely misses you.
You hit the worm. You punch the worm.
The worm is heavily wounded.
Ijyb screams, "I cut your head off!" The worm barely misses you.
You hit the worm but do no damage.
The worm is heavily wounded.
You hit the worm but do no damage.
The worm is heavily wounded.
The worm bites you but does no damage.
You barely miss the worm.
The worm is heavily wounded.
The worm bites you.
You slash the worm!
The worm is severely wounded.
The worm bites you.
You hit the worm.
The worm is severely wounded.
You barely miss the worm.
The worm is severely wounded.
The worm closely misses you.
You hit the worm.
You kill the worm!
You hit Ijyb.
Ijyb is lightly wounded.
Ijyb barely misses you.
You slash Ijyb!
Ijyb is heavily wounded.
Ijyb barely misses you.
You hit Ijyb but do no damage.
Ijyb is heavily wounded.
Ijyb closely misses you.
You completely miss Ijyb.
Ijyb is heavily wounded.
Ijyb zaps a wand.
Your will is overpowered!
You are confused.
Ijyb zaps a wand.
You resist with some effort.
You closely miss Ijyb.
Ijyb is heavily wounded.
Ijyb hits you with a +0 club.
You closely miss Ijyb.
Ijyb is heavily wounded.
Ijyb zaps a wand.
Your will is overpowered!
You are more confused.
You closely miss Ijyb.
Ijyb is heavily wounded.
Ijyb zaps a wand.
You resist with some effort.
You're too confused to move!
Ijyb closely misses you.
Ijyb zaps a wand.
Your will is overpowered!
You are more confused.
You bump into the rock wall.
Ijyb hits you with a +0 club.
You bump into the rock wall.
Ijyb misses you.
Ijyb zaps a wand.
Your will is overpowered!
You are more confused.
You closely miss Ijyb.
Ijyb is heavily wounded.
Ijyb closely misses you. Ijyb attacks as you move away!
Ijyb hits you with a +0 club.
Ijyb zaps a wand.
Your will is overpowered!
You are more confused.
The now-empty wand crumbles to dust.
Ijyb barely misses you. Ijyb attacks as you move away! Ijyb barely misses you.
Ijyb misses you. Ijyb hits you with a +0 club. Ijyb attacks as you move away!
Ijyb hits you with a +0 club.
* * * LOW HITPOINT WARNING * * *
Ijyb attacks as you move away! Ijyb completely misses you.
You're too confused to move!
You hear the slow rusting of a very distant drain.
Ijyb hits you with a +0 club.
* * * LOW HITPOINT WARNING * * *
You're too confused to move!
Ijyb barely misses you.
Unknown command.
Ijyb attacks as you move away! Ijyb hits you but does no damage.
You closely miss Ijyb.
Ijyb is heavily wounded.
Ijyb barely misses you. Ijyb hits you with a +0 club.
* * * LOW HITPOINT WARNING * * *
You bump into the rock wall.
Ijyb closely misses you. Ijyb screams, "Me stronger than you!"
Ijyb hits you with a +0 club.
* * * LOW HITPOINT WARNING * * *
Ijyb attacks as you move away! Ijyb misses you.
You hit Ijyb.
Ijyb is severely wounded.
Ijyb hits you with a +0 club.
You die...

#.# ###.###
####### #.....#
###......
#...).####........
#...........<.####
#.........#####
#......####
#g.....##
#@......#
#.....#.#
#######.## #..##
##..# #.......g.
#...[.....
#........$
#.........


You could see Ijyb.

Vanquished Creatures
  2 adders (D:2)
  A worm (D:3)
  2 bats
  An endoplasm (D:1)
  3 hobgoblins
  3 kobolds
  4 ball pythons
  2 frilled lizards (D:1)
  2 goblins
  A rat (D:1)
21 creatures vanquished.

Notes
Turn   | Place    | Note
-------+----------+-------------------------------------------
     0 | D:1      | RascalDebosk the Djinni Warper began the quest for the Orb.
     0 | D:1      | RascalDebosk set off with the following spells memorised:
                  | Blink, Lesser Beckoning, Vhi's Electric Charge, Teleport
                  | Other, Manifold Assault.
     0 | D:1      | Reached XP level 1. HP: 18/18 MP: 0/0
   204 | D:1      | Reached XP level 2. HP: 21/23 MP: 0/0
  1352 | D:2      | Reached XP level 3. HP: 24/29 MP: 0/0
  1352 | D:2      | Learned a level 1 spell: Freeze
  1538 | D:2      | Found a runed translucent door.
  1539 | D:2      | Noticed Crazy Yiuf
  1867 | D:3      | Noticed Ijyb
  1928 | D:3      | Slain by Ijyb

Illustrated notes

Levels and vault maps discovered:
D:1:      saegor_arrival_under_anarchy, layout_basic
D:2:      layout_loops_ring, hangedman_abyss_or_decor_stabs,
          uniq_crazy_yiuf_cottage
D:3:      layout_rooms, mainiacjoe_overflow_24_doors, portal_sewer_entry_f,
          kennysheep_path_1, uniq_ijyb, uniq_terence

Skill      XL: |  1  2 |
---------------+-------+-----
Long Blades    | 2 |  2.0
Fighting       | |  2.6
Throwing       | |  0.7
Armour         | |  1.5
Dodging        | |  2.1
Shields        | |  0.5
Spellcasting   | |  2.7

Action                     || total
---------------------------++-------
  Melee: Falchion          ||    94
         Punch             ||     1
   Cast: Vhi's Electric Ch ||     1
 Armour: Leather armour    ||    30
  Dodge: Dodged            ||    64
